 Dungeon Crawl Stone Soup version 0.30-a0-632-g346586fe48 (webtiles) character file.

Game seed: 11802872394916509309

53 Mitcholas the Shooter (level 3, 0/31 HPs)
             Began as a Deep Elf Hunter on Jan 13, 2023.
             Succumbed to an adder's poison
             ... on level 2 of the Dungeon.
             The game lasted 00:01:19 (638 turns).

Mitcholas the Shooter (Deep Elf Hunter)              Turns: 638, Time: 00:01:20

Health: 0/31       AC: 21    Str:  7 (8)  XL:     3   Next: 64%
Magic:  5/5        EV:  2    Int: 12 (13) God:
Gold:   86         SH:  0    Dex: 19 (20) Spells: 2/2 levels left

rFire   . . .      SeeInvis .    a - +0 shortbow
rCold   . . .      Faith    .    (shield currently unavailable)
rNeg    . . .      Spirit   .    (body armour currently unavailable)
rPois   +          Reflect  .    (helmet currently unavailable)
rElec   .          Harm     .    (cloak currently unavailable)
rCorr   .          Rampage  .    (gloves currently unavailable)
Will    .....      NoTele   +    (boots currently unavailable)
Stlth   ++                       (no amulet)
HPRegen 0.25/turn                (no ring)
MPRegen 0.09/turn                (no ring)

@: lethally poisoned (0 -> -2), tree-form
A: stationary, stasis, torment immunity, boosted hp, sense surroundings 1
a: no special abilities


You were on level 2 of the Dungeon.
You were a tree.
You visited 1 branch of the dungeon, and saw 2 of its levels.

You collected 86 gold pieces.

Inventory:

Hand Weapons
 a - a +0 shortbow (weapon)
Armour
 c - a +0 leather armour (melded)
Scrolls
 b - 2 scrolls of immolation
 d - 2 scrolls of identify {unknown}
 e - a scroll of acquirement {unknown}
 k - a scroll of silence {unknown}
Potions
 f - a potion of lignification
 h - a potion of haste {unknown}
 i - a potion of mutation
 j - a potion of cancellation {unknown}


   Skills:
 + Level 2.0 Fighting
 * Level 6.1 Ranged Weapons
 + Level 3.1 Dodging
 + Level 2.3 Stealth


You had 2 spell levels left.
You didn't know any spells.
Your spell library was empty.

Dungeon Overview and Level Annotations

Branches:
Dungeon (2/15)

Altars:


Innate Abilities, Weirdness & Mutations

You are a tree.
Your roots penetrate the ground, keeping you stationary.
You cannot be teleported.
You are immune to unholy pain and torment.
Your maximum health is greatly increased.
Your equipment is partially melded.
You passively map a small area around you.


Message History

You shoot an arrow. The arrow barely misses the adder.
The adder closely misses you.
The hobgoblin hits you but does no damage.
The adder bites you.
You shoot an arrow. The arrow barely misses the adder.
The adder bites you.
You are poisoned.
The adder poisons you! The hobgoblin hits you.
You shoot an arrow.
The arrow hits the adder but does no damage.
You feel sick. The adder bites you. The hobgoblin barely misses you.
The adder barely misses you.
You shoot an arrow. The arrow barely misses the adder.
You feel sick. The adder bites you.
You are more poisoned.
The adder poisons you! The hobgoblin hits you.
* * * LOW HITPOINT WARNING * * *
* * * LOW HITPOINT WARNING * * *
You feel sick. The adder completely misses you.
The adder attacks as you move away! The adder closely misses you.
* * * LOW HITPOINT WARNING * * *
You feel sick.
You are too injured to fight recklessly!
You are too injured to fight recklessly!
You are too injured to fight recklessly!
You are too injured to fight recklessly!
It was a potion of lignification.
You turn into a tree.
Your +0 leather armour melds into your body.
Your roots penetrate the ground.
* * * LOW HITPOINT WARNING * * *
You feel sick. The adder bites you but does no damage.
It was a potion of mutation.
You feel extremely strange.
You feel a strange attunement to the structure of the dungeons.
* * * LOW HITPOINT WARNING * * *
You feel sick. The adder bites you.
* * * LOW HITPOINT WARNING * * *
The adder bites you but does no damage.
It was a potion of degeneration.
There was something very wrong with that liquid.
You feel weakened.
You feel dopey.
You feel clumsy.
You die...

..#.# #.... , , .. ..#.#
#.... *#. #.#.# #.... *
*#.### #.#.# ##.## ,
..,...#.#.# #.## **#.
#.#.#.########.#. #.
#.............>#.
#.####.#####.#.#######..#.
#......gS♣.[.#.# #....
######.#######.########.#.
....................#.
*####.######.##########. *
, ### ## , ** * , , , , *
, **** * , ,


You could see an adder and a hobgoblin.

Vanquished Creatures
  Jessica (D:2)
  A dart slug (D:2)
  An endoplasm (D:2)
  3 giant cockroaches (D:1)
  3 hobgoblins (D:1)
  5 ball pythons (D:1)
  3 bats
  4 frilled lizards
  A goblin (D:1)
  2 kobolds (D:1)
  4 rats (D:1)
28 creatures vanquished.

Notes
Turn   | Place    | Note
-------+----------+-------------------------------------------
     0 | D:1      | Mitcholas the Deep Elf Hunter began the quest for the Orb.
     0 | D:1      | Reached XP level 1. HP: 12/12 MP: 3/3
   169 | D:1      | Reached XP level 2. HP: 17/17 MP: 4/4
   513 | D:2      | Noticed Jessica
   514 | D:2      | Killed Jessica
   515 | D:2      | Reached skill level 6 in Ranged Weapons
   515 | D:2      | Reached XP level 3. HP: 21/21 MP: 5/5
   637 | D:2      | Gained mutation: You passively map a small area around you.
                  | [potion of mutation]
   637 | D:2      | HP: 1/31 [adder (1)]
   638 | D:2      | Succumbed to an adder's poison

Illustrated notes

Levels and vault maps discovered:
D:1:      giann_wishing_wells, layout_rooms, kennysheep_boxes
D:2:      layout_basic, uniq_terence, uniq_jessica

Skill      XL: |  1  2 |
---------------+-------+-----
Fighting       | 2 |  2.0
Ranged Weapons | 6 |  6.1
Dodging        | 3 |  3.1
Stealth        | 2 |  2.3

Action                   || total
-------------------------++-------
 Fire: Shortbow          ||    72
  Use: Potion            ||     3
Armor: Leather armour    ||     5
       Skin              ||     2
Dodge: Dodged            ||    15

Table legend: (Time is in decaauts)
 A = Elapsed time spent in this place.
 B = Non-inter-level travel time spent in this place.
 C = Inter-level travel time spent in this place.
 D = Time resting spent in this place.
 E = Time spent auto-exploring this place.
 F = Levels seen in this place.
 G = Mean time per level.
                   A        B        C        D        E       F      G
               +--------+--------+--------+--------+--------+-----+--------+
         Total |    657 |    644 |     13 |      0 |    503 |   2 |  328.5 |
       Dungeon |    657 |    644 |     13 |      0 |    503 |   2 |  328.5 |
               +--------+--------+--------+--------+--------+-----+--------+

Top non-repeatable levels by time:
     D:1: 515 daAuts
     D:2: 141 daAuts
